Map: Néo-Gettysburg EC

Players

zidar - Winner!

  • Race: Zerg Zerg
  • League: Platinum
  • Spawn Location: 5:00

IMP

  • Race: Zerg Zerg
  • League: Platinum
  • Spawn Location: 7:00

VOD

Have the link to the VOD?

Description

Time

  • Played on: Nov. 13, 2016, 3:20 p.m.
  • Length: 3:10
Show
View Real Time Build Order
Export as new Build Order

zidar Zerg - Winner!

Build Orders: 1 Base Baneling Bust, Pool Only 

Get SALT Encoding   

  12  0:01  Drone  
  13  0:08  Drone  
  14  0:15  Extractor  
  14  0:16  Drone  
  14  0:34  Spawning Pool  
  13  0:43  Drone  
  13  0:49  Overlord  
  14  1:01  Overlord  
  14  1:24  Metabolic Boost  
  14  1:26  Queen  
  14  1:31  Zergling x2  
  14  1:32  Zergling x2  
  18  1:36  Zergling x2  
  19  1:48  Zergling x2  
  20  1:59  Zergling x2  
  21  2:07  Baneling Nest  
  20  2:11  Zergling x2  
  21  2:20  Zergling x2  
  22  2:28  Zergling x2  
  23  2:36  Zergling x2  
  24  2:38  Zergling x6  
Show
View Real Time Build Order
Export as new Build Order

IMP Zerg 

Build Orders: Pool First 

Get SALT Encoding   

  12  0:00  Drone  
  13  0:08  Drone  
  14  0:14  Extractor  
  14  0:15  Drone  
  14  0:39  Spawning Pool  
  14  0:41  Overlord  
  13  0:48  Drone  
  14  0:59  Drone x2  
  14  1:04  Drone  
  17  1:18  Drone  
  18  1:26  Metabolic Boost  
  18  1:30  Queen  
  21  1:47  Zergling x4  
  22  2:00  Hatchery  
  21  2:17  Drone  
  22  2:32  Overlord  
  22  2:33  Overlord  
  22  2:35  Overlord  
  24  2:58  Baneling Nest  
Tags
 
Add a new tag
Caveats
  • Supply blocks, unpowered buildings, or Contaminate may cause inaccurate times.
  • Supply counts are checked every 10 seconds.